Description

If anyone was wondering how a Zerg could get to Platinum with just one build against any race, here's your answer:

This build delivers a really strong 4 minute Roach & Speedling push, while having 2 Queens and an Expansion as your backup to quickly move on droning (if you need to), after having dealt brutal good damage to your opponent.

For me this build worked really well against any race (Diamond level). Especially in lower leagues, this should absolutely tear your opponent apart.

In any way I would really appreciate you trying the build.

Have Fun! :)

General BO:

  • 17|18|17 >> Hatchery|Extractor|Pool

  • 19 >> Overlord

  • @Pool >> 2x Queen + 2 Zerglings + 1 Drone

  • 26 >> Metabolic Boost (~2:08)

  • 27 >> Roach Warren

  • 30 >> Overlord

  • 32 >> Overlord

  • 33 >> 6 Roaches -> Stop droning

  • 45 >> Overlord

  • 45 >> 2 Roaches, 2 Zerglings

  • 51 >> Overlord

  • From now on you just mass Roaches and Zerglings!

  • Don't forget to build Overlords!

  • Start pushing at ~3:40

Replay - Fast 2 Base Roach Speedling Push

Build Order

Get SALT Encoding   

  13  0:13  Overlord  
  17  0:51  Hatchery  
  18  1:08  Extractor  
  17  1:12  Spawning Pool  
  19  1:39  Overlord  
  20  2:59  Queen  
  22  2:00  Zergling  
  23  2:02  Queen  
  26  2:08  Metabolic Boost  
  27  2:16  Roach Warren  
  30  2:35  Overlord  
  32  2:54  Overlord  
  33  3:05  Roach x6 // stop droning  
  45  3:12  Overlord  
  45  3:15  Roach x2  
  49  3:20  Zergling x2 // Move out for the attack, // Mass Roach and Zergling  
Spawning Tool Build Advisor. Get it on Overwolf

Analysis

  • You should use the 2 early Zerglings for scouting or to deny the scouting of your opponent.

  • At around 3:40 you should move out with your Roaches (6-9).

  • Reset your rally point towards the natural of your opponent.
  • Don't forget to build enough Overlords within your attack and remember to inject your Hatcheries.
  • When playing against Protoss or Terran make sure to get at least 1 spore crawler in each mineral line to be save against early DT's or cloak Banshees.
  • With a high mineral count you want to add 2 more Queens and a 3rd Base.

Have fun jumping up the ladder for free ;)

/- anSka

Go to:

Details

  • Created by: anSka
  • Published on: Aug 10, 2017
  • Modified on: Sep 08, 2018
  • Patch: 4.0.0
  • Difficulty: Easy
Show
View Real Time Build Order
Export as new Build Order

Comments (10)

On Sept. 22, 2017, 4:33 p.m., anSka  said:

Haha! ;D awesome mate! happy to hear about your success. As long as you have fun playing it, you don't need to worry about anything, because then you are doing everything right ^^

On Sept. 22, 2017, 9:50 a.m., Triggered  said:

Can confirm that this got me to plat1/2 pretty easily

I feel really cheap now lol

On Sept. 17, 2017, 5:22 p.m., bob13bob  said:

once you hit this build suffers from lack of larvae. like hte video, you'll floating 300ish minerals as you hit their base, and it gets worse ballooning up to 1000 minerals for lack or larvae. either needs to add 3rd during the attack, or macro hatch; too resource inefficient.

On Sept. 3, 2017, 8:25 a.m., anSka  said:

I feel like adding more lings instead of drones makes this more of an all-in build as i want it to be.. with 37-38 drones you are not completely screwed if you were not successfull with the attack.

On Aug. 31, 2017, 7:34 p.m., yuripadilha  said:

Nice BO! Love it! If you guys have an update about it post it here please :D

On Aug. 30, 2017, 11:04 p.m., dqme  said:

There are some improvements I have for this build, that I will post later.

On Aug. 30, 2017, 2:52 p.m., dqme  said:

Instead of droning, making lings is a better alternative.

On Aug. 30, 2017, 10:36 a.m., anSka  said:

I usually push at around 3:40, but you can also wait until 4:00 to gather more units (if your attack hasn't been scouted early).

On Aug. 29, 2017, 10:48 a.m., dqme  said:

How many roaches/lings do you suggest to have before pushing out?

On Aug. 12, 2017, 3:28 a.m., anSka  said:

There will be an update coming soon, because I found a way this works even a bit faster.

Create an account to comment!